 Dungeon Crawl Stone Soup version 0.28-a0-1447-ga5a8893891 (webtiles) character file.

Game seed: 5909582603672117616

1333 gimp the Cleaver (level 8, -3/111 HPs)
             Began as a Hill Orc Fighter on Jan 10, 2022.
             Killed from afar by Blork the orc (11 damage)
             ... with a puff of flame
             ... on level 5 of the Dungeon.
             The game lasted 00:04:48 (3571 turns).

gimp the Cleaver (Hill Orc Fighter)                 Turns: 3571, Time: 00:04:49

Health: -3/111     AC: 24    Str: 21    XL:     8   Next: 61%
Magic:  8/8        EV:  2    Int:  8    God:
Gold:   1290       SH:  4    Dex: 10    Spells: 7/7 levels left

rFire   . . .      SeeInvis .   a - +0 war axe
rCold   . . .      Faith    .   c - +0 buckler
rNeg    . . .      Spirit   .   (armour currently unavailable)
rPois   +          Reflect  .   (helmet currently unavailable)
rElec   .          Harm     .   (cloak currently unavailable)
rCorr   .          Rampage  .   (gloves currently unavailable)
Will    .....      NoTele   +   (boots currently unavailable)
Stlth   +.........              g - amulet of regeneration
HPRegen 1.08/turn               (no ring)
MPRegen 0.11/turn               (no ring)

@: tree-form, on berserk cooldown, hasted and slowed
A: stationary, stasis, torment immunity, boosted hp
a: no special abilities


You were on level 5 of the Dungeon.
You were a tree.
You visited 1 branch of the dungeon, and saw 5 of its levels.

You collected 1290 gold pieces.

Inventory:

Hand Weapons
 a - a +0 war axe (weapon)
Missiles
 e - 2 javelins (quivered)
 f - 10 poisoned darts
Armour
 c - a +0 buckler (worn)
 m - a +0 chain mail (melded)
Jewellery
 g - an amulet of regeneration (around neck)
 q - a ring of resist corrosion
Wands
 b - a wand of iceblast (5)
Scrolls
 h - a scroll of magic mapping
 i - 2 scrolls of immolation
 j - a scroll of amnesia
 k - a scroll of fear
 t - a scroll of fog
Potions
 d - a potion of might
 l - 2 potions of brilliance
 n - a potion of resistance
 r - a potion of lignification
 s - a potion of haste


   Skills:
 + Level 7.9 Fighting
 * Level 11.2 Axes
 - Level 3.2 Armour
 - Level 3.2 Shields


You had 7 spell levels left.
You didn't know any spells.
Your spell library contained the following spells:

 Spells                   Type           Power      Damage    Failure   Level
 Sting                    Tmut/Pois      0%         1d3       50%         1
 Poisonous Vapours        Pois/Air       0%         N/A       65%         2
 Olgreb's Toxic Radiance  Pois           0%         N/A       99%         4


Dungeon Overview and Level Annotations

Branches:
Dungeon (5/15)
 Temple: D:4-7

Altars:

Annotations:
D:2 1 runed translucent door, Crazy Yiuf
D:3 1 runed translucent door, awesomeguy42's ghost, amateur HuNe
D:5 Blork the orc; Pikel


Message History

Menkaure is severely damaged.
Menkaure hits you but does no damage.
You hit Menkaure.
Menkaure is almost destroyed.
You block Menkaure's attack.
You barely miss Menkaure.
Menkaure is almost destroyed.
You barely miss Menkaure.
Menkaure is almost destroyed.
Menkaure hits you.
* * * LOW HITPOINT WARNING * * *
You take 2 damage, and have 7/111 hp.
You slash Menkaure!
You destroy Menkaure!
Your Axes skill increases to level 11!
It was a potion of berserk rage.
A red film seems to cover your vision as you go berserk!
You feel yourself moving faster!
You feel mighty!
You now have 13/166 hp.
You slice the iguana!!
You kill the iguana!
You cannot move.
Blork the orc hits you but does no damage.
You feel a strong urge to attack something.
Blork the orc points at you and mumbles some strange words.
The puff of flame hits you.
* * * LOW HITPOINT WARNING * * *
You feel your anger nearly subside.
Blork the orc mumbles some strange words.
Blork the orc seems to speed up.
You are no longer berserk.
You are exhausted.
You feel yourself slow down.
Blork the orc points at you and mumbles some strange words.
The puff of frost hits you.
* * * LOW HITPOINT WARNING * * *
You now have 7/111 hp.
It was a potion of magic.
Magic courses through your body.
Blork the orc zaps a wand.
The puff of flame hits you!
You die...

##.....#.######.
#.....+.#
#.....###
#.....# #.....#
#.....# #.....#
#.$...# #.$.♣.#
####)## #o# ...
... +.... #..[.
+.....


You could see Blork the orc (fast).

Vanquished Creatures
  Sigmund (D:3)
  Menkaure (D:5)
  A water moccasin (D:5)
  A centaur (D:5)
  A lemure (D:5)
  A kobold brigand (D:4)
  A gnoll sergeant (D:4)
  A scorpion (D:3)
  A bullfrog (D:4)
  A water moccasin skeleton (D:4)
  A jelly (D:5)
  2 orc priests
  A hound (D:4)
  Jessica (D:3)
  An iguana (D:5)
  Ijyb (D:3)
  2 orc wizards
  Robin (D:2)
  16 gnolls
  8 adders
  A howler monkey skeleton (D:4)
  2 dart slugs
  10 orcs
  13 bats
  5 endoplasms
  3 giant cockroaches
  12 hobgoblins
  9 kobolds
  3 quokkas
  4 ball pythons
  7 frilled lizards
  15 goblins
  7 rats
135 creatures vanquished.

Vanquished Creatures (others)
  8 plants (D:2)
  4 toadstools (D:1)
  2 withered plants (D:3)
14 creatures vanquished.

Grand Total: 149 creatures vanquished

Notes
Turn   | Place    | Note
-------+----------+-------------------------------------------
     0 | D:1      | gimp the Hill Orc Fighter began the quest for the Orb.
     0 | D:1      | Reached XP level 1. HP: 19/19 MP: 1/1
    20 | D:1      | Reached skill level 3 in Axes
    27 | D:1      | Reached XP level 2. HP: 15/27 MP: 2/2
   376 | D:1      | Reached skill level 4 in Axes
   432 | D:1      | Reached XP level 3. HP: 29/33 MP: 3/3
   569 | D:1      | Found a faded altar of an unknown god.
   649 | D:2      | Noticed Robin
   662 | D:2      | Reached XP level 4. HP: 10/41 MP: 4/4
   666 | D:2      | Killed Robin
   667 | D:2      | Reached skill level 5 in Axes
   994 | D:2      | Reached XP level 5. HP: 22/47 MP: 5/5
  1402 | D:2      | Found a runed translucent door.
  1403 | D:2      | Noticed Crazy Yiuf
  1755 | D:3      | Reached skill level 5 in Fighting
  1755 | D:3      | Reached skill level 6 in Axes
  1773 | D:3      | Noticed Ijyb
  1791 | D:3      | Noticed Jessica
  1795 | D:3      | Killed Jessica
  1800 | D:3      | Killed Ijyb
  1832 | D:3      | Reached XP level 6. HP: 56/56 MP: 6/6
  1921 | D:3      | Reached skill level 7 in Axes
  2046 | D:3      | Identified a scroll of acquirement
  2051 | D:3      | Acquired 1056 gold pieces
  2189 | D:3      | You fall into a shaft and drop 2 floors!
  2189 | D:5      | Entered Level 5 of the Dungeon
  2189 | D:5      | Noticed Blork the orc
  2276 | D:4      | Reached skill level 8 in Axes
  2320 | D:4      | Reached XP level 7. HP: 60/63 MP: 7/7
  2518 | D:3      | Found a runed translucent door.
  2518 | D:3      | Noticed awesomeguy42's ghost (amateur HuNe)
  2814 | D:3      | Noticed Sigmund
  2827 | D:3      | Killed Sigmund
  2828 | D:3      | Reached skill level 9 in Axes
  3203 | D:4      | Reached XP level 8. HP: 36/73 MP: 8/8
  3311 | D:4      | Reached skill level 10 in Axes
  3483 | D:5      | Noticed Pikel
  3543 | D:5      | Noticed Menkaure
  3563 | D:5      | Killed Menkaure
  3564 | D:5      | Reached skill level 11 in Axes
  3571 | D:5      | Killed from afar by Blork the orc

Illustrated notes

Levels and vault maps discovered:
D:1:      tarquinn_simple_flora_water_d, layout_rooms,
          chequers_ecumenical_altar_island, corner_web_ring,
          hangedman_decor_riveting, minmay_gold_behind_fungi,
          kennysheep_minor_cross, minmay_tromino_v4_c
D:2:      layout_basic, serial_bayou, serial_bayou_lagoon_b,
          serial_bayou_lake_a, serial_bayou_pond_e, serial_bayou_pond_b,
          uniq_crazy_yiuf_cottage, uniq_robin
D:3:      minmay_chambers_of_twos, layout_basic, gammafunk_ghost_grave,
          minmay_misc_feat_iff, grunt_ministairs_3, grunt_decor_junction,
          minmay_misc_feat_four_crosses, uniq_ijyb, uniq_jessica, uniq_sigmund
D:4:      layout_rooms, minmay_crystal_room
D:5:      layout_basic, uniq_prince_ribbit1, uniq_pikel, uniq_blork_the_orc,
          uniq_menkaure

Skill      XL: |  1  2  3  4  5  6  7  8 |
---------------+-------------------------+-----
Axes           | 3 4 5 6 8 9 11 | 11.2
Fighting       | 4 5 6 7 |  7.9
Armour         | |  3.2
Shields        | |  3.2

Action                   |  1- 3 |  4- 6 |  7- 9 || total
-------------------------+-------+-------+-------++-------
Melee: War axe           |    79 |   141 |   134 ||   354
  Use: Scroll            |       |     8 |     1 ||     9
       Potion            |       |       |     4 ||     4
Armor: Scale mail        |    59 |    20 |       ||    79
       Chain mail        |       |    58 |    58 ||   116
       Skin              |       |       |     6 ||     6
Dodge: Dodged            |    60 |    51 |    30 ||   141
Block: Buckler           |    30 |    28 |    17 ||    75

Table legend: (Time is in decaauts)
 A = Elapsed time spent in this place.
 B = Non-inter-level travel time spent in this place.
 C = Inter-level travel time spent in this place.
 D = Time resting spent in this place.
 E = Time spent auto-exploring this place.
 F = Levels seen in this place.
 G = Mean time per level.
                   A        B        C        D        E       F      G
               +--------+--------+--------+--------+--------+-----+--------+
         Total |   3688 |   3484 |    204 |     33 |   2622 |   5 |  737.6 |
       Dungeon |   3688 |   3484 |    204 |     33 |   2622 |   5 |  737.6 |
               +--------+--------+--------+--------+--------+-----+--------+

Top non-repeatable levels by time:
     D:3: 1179 daAuts
     D:2: 1129 daAuts
     D:1: 705 daAuts
     D:4: 550 daAuts
     D:5: 123 daAuts
